 Dungeon Crawl Stone Soup version 0.18-a0-1266-g3be6530 (webtiles) character file.

370358 Lysie the Minotaur Porcupine (level 21, -8/201 HPs)
             Began as a Minotaur Fighter on Feb 5, 2016.
             Was the Champion of Okawaru.
             Killed from afar by a naga mage (16 damage)
             ... with a poison arrow
             ... on level 4 of the Snake Pit on Feb 6, 2016.
             The game lasted 04:43:29 (51963 turns).

Lysie the Minotaur Porcupine (Minotaur Fighter)    Turns: 51963, Time: 04:43:31

Health: -8/201     AC: 18    Str: 27      XL:     21   Next: 98%
Magic:  0/29       EV: 13    Int:  6 (7)  God:    Okawaru [******]
Gold:   2500       SH: 19    Dex: 26      Spells: 0 memorised, 20 levels left

rFire  + + .     SeeInvis +     b - +8 trident of Uconil {vamp, rElec rF+ MR+ Int+2}
rCold  + . .     Gourm    .     q - +0 scale mail "Etost" {rElec rPois}
rNeg   + . .     Faith    .     c - +0 shield
rPois  +         Spirit   +     Y - +0 mask of the Dragon {MR+ Slay+3 SInv}
rElec  +         Dismiss  .     X - +0 cloak of Lilacs {rC- rN+ Dex+2}
rCorr  .         Reflect  .     H - +2 pair of fencer's gloves {LBl+4 SBl+4 EV+3 Dex+6}
SustAt .         Harm     .     l - +0 pair of boots {run}
MR     +++++                    T - amulet of Gosienoata {Spirit +Fly rF++ rC++ MR-}
Stlth  +.........               o - ring of poison resistance
                                L - ring "Vaerot" {rPois rF- MR+++ MP+9 Str+4}

@: lethally poisoned (-8 -> -9), exhausted, slowed, very slow, almost entirely
resistant to hostile enchantments, very unstealthy
A: retaliatory headbutt, horns 2
a: Heroism, Finesse, Renounce Religion, Evoke Flight
}: 1/15 runes: decaying


You were on level 4 of the Snake Pit.
You worshipped Okawaru.
Okawaru was exalted by your worship.
You were not hungry.

You visited 8 branches of the dungeon, and saw 41 of its levels.
You visited the Abyss 1 time.
You also visited: Labyrinth, Sewer and Volcano.

You collected 5195 gold pieces.
You spent 2695 gold pieces at shops.

Inventory:

Hand Weapons
 b - the +8 trident of Uconil (weapon) {vamp, rElec rF+ MR+ Int+2}
   (Okawaru gifted it to you on level 4 of the Vaults)

   It inflicts no extra harm, but heals its wielder somewhat when it strikes a
   living foe.
   It affects your intelligence (+2).
   It protects you from fire.
   It insulates you from electricity.
   It affects your resistance to hostile enchantments.
 r - the +5 demon trident "Gakhyrr" {vamp, rF++ rC-}
   (Okawaru gifted it to you on level 3 of the Vaults)

   It inflicts no extra harm, but heals its wielder somewhat when it strikes a
   living foe.
   It greatly protects you from fire.
   It makes you vulnerable to cold.
 y - a +6 vampiric demon trident
 E - a +4 hand crossbow of velocity
Missiles
 A - 48 bolts of penetration
 M - 12 javelins of penetration (quivered)
Armour
 c - a +0 shield (worn)
 l - a +0 pair of boots of running (worn)
 p - the +3 chain mail of the King of the Hill {rN++ Dex+4}
   (Okawaru gifted it to you in a labyrinth)

   It affects your dexterity (+4).
   It greatly protects you from negative energy.
 q - the +0 scale mail "Etost" (worn) {rElec rPois}
   (You found it on level 3 of the Elven Halls)

   It insulates you from electricity.
   It protects you from poison.
 H - the +2 pair of fencer's gloves (worn) {LBl+4 SBl+4 EV+3 Dex+6}
   (You found it on level 3 of the Snake Pit)

   It affects your evasion (+3).
   It affects your dexterity (+6).
 X - the +0 cloak of Lilacs (worn) {rC- rN+ Dex+2}
   (Okawaru gifted it to you on level 13 of the Dungeon)

   It affects your dexterity (+2).
   It makes you vulnerable to cold.
   It protects you from negative energy.
 Y - the +0 mask of the Dragon (worn) {MR+ Slay+3 SInv}
   (You found it on level 3 of the Elven Halls)

   It affects your accuracy and damage with ranged weapons and melee attacks
   (+3).
   It affects your resistance to hostile enchantments.
   It lets you see invisible.
Rods
 d - a +3 rod of inaccuracy (9/9)
   (You took it off a minotaur in a labyrinth)
Jewellery
 o - a ring of poison resistance (right hand)
 F - an uncursed ring of protection from cold
 L - the ring "Vaerot" (left hand) {rPois rF- MR+++ MP+9 Str+4}
   (You took it off a deep elf elementalist on level 3 of the Elven Halls)

   [ring of strength]

   It affects your strength (+4).
   It makes you vulnerable to fire.
   It protects you from poison.
   It affects your resistance to hostile enchantments.
   It affects your magic capacity (+9).
 S - an uncursed ring of protection from fire
 T - the amulet of Gosienoata (around neck) {Spirit +Fly rF++ rC++ MR-}
   (You took it off a minotaur in a labyrinth)

   [amulet of guardian spirit]

   It causes incoming damage to be split between your health and magic.
   It greatly protects you from fire.
   It greatly protects you from cold.
   It affects your resistance to hostile enchantments.
   It lets you fly.
 U - an uncursed ring of protection from magic
Wands
 m - a wand of digging (14/24)
 z - a wand of hasting (3/9)
 P - a wand of iceblast (10/15)
Scrolls
 a - 14 scrolls of identify
 e - 13 scrolls of teleportation
 f - a scroll of amnesia
 i - 8 scrolls of enchant armour
 n - 2 scrolls of fog
 t - 4 scrolls of magic mapping
 D - a scroll of recharging
 G - 2 scrolls of enchant weapon
 J - a scroll of fear
 O - 4 scrolls of holy word
 R - a scroll of silence
 V - 6 scrolls of remove curse
Potions
 g - 10 potions of curing
 h - 7 potions of haste
 k - 3 potions of brilliance
 v - 4 potions of cure mutation
 w - 5 potions of might
 x - 2 potions of invisibility
 B - 6 potions of cancellation
 C - 5 potions of flight
 I - 5 potions of resistance
 K - 7 potions of agility
 W - 3 potions of berserk rage
Miscellaneous
 Z - 2 phantom mirrors
Comestibles
 u - 30 fruits
 N - 19 meat rations


   Skills:
 + Level 20.2 Fighting
 O Level 27 Polearms
 * Level 18.5 Armour
 + Level 24.4 Shields


You had 20 spell levels left.
You didn't know any spells.

Dungeon Overview and Level Annotations

Branches:
Dungeon (15/15)            Temple (1/1) D:4            Lair (8/8) D:10
  Swamp (4/4) Lair:4        Snake (4/4) Lair:5        Slime (0/6) Lair:6
    Orc (2/2) D:11            Elf (3/3) Orc:2        Vaults (4/5) D:14
  Crypt (0/3) Vaults:2     Depths (0/5) D:15

Altars:
Ashenzari
Cheibriados
Dithmenos
Elyvilon
Fedhas
Gozag
Kikubaaqudgha
Makhleb
Nemelex Xobeh
Okawaru
Pakellas
Qazlal
Ru
Sif Muna
Trog
Vehumet
Xom
Yredelemnul
Zin
The Shining One
Beogh

Shops:
D:4 %   Orc:2 [[%?!   Elf:1 :   Elf:2 ::   Elf:3 =   Vaults:4 (


Innate Abilities, Weirdness & Mutations

You reflexively headbutt those who attack you in melee.
You have a pair of horns on your head.


Message History

You hear a shout!
You can move again.
* * * LOW HITPOINT WARNING * * *
You feel very sick. You block the naga mage's attack.
A naga mage comes into view.
Drink which item? (? for menu, Esc to quit)
You feel better. The naga mage spits poison at you.
The splash of poison hits you! You resist. The salamander barely misses you.
You block the naga mage's attack. The naga spits poison at you.
The splash of poison misses you.
The naga warrior hits you from afar with a halberd.
* * * LOW HITPOINT WARNING * * *
The naga mage points at you and mumbles some strange words.
The poison arrow hits you!
You are poisoned.
You partially resist.
You die...

#........NNN..#
##############N..##..N###########
...............N####N###.........
.................###(............
.................)()N...)."......
..................)N........#####
........######..NNN......)..# #
#......##....##...N......)))##
##...).'......#.@.N.....).)..#
##....#......#..............##
#....'......#.######........###
##....#......#.## ##..........
##.....#......#..#####...........
#......##.....#..................
...#....#######..................
.###......................####...
## ##..............###....# ##..


You could see 2 naga warriors, a greater naga, a naga sharpshooter, a
salamander, a naga ritualist, 4 naga magi and a naga.

Vanquished Creatures
  Mara (Vaults:3)
  Norris (Snake:4)
  A bone dragon (Swamp:4)
  A tentacled monstrosity (Vaults:3)
  2 deep elf master archers (Elf:3)
  2 deep elf blademasters (Elf:3)
  Frances (Snake:2)
  A storm dragon (Vaults:2)
  Kirke (Swamp:4)
  4 thorn hunters
  7 greater nagas
  Maud (Lair:8)
  Donald (Snake:4)
  12 vault wardens
  The ghost of vev the Basher, a journeyman DDAr of Makhleb (Orc:2)
  A frost giant (Vaults:3)
  3 deep elf sorcerers
  An orc warlord (Orc:2)
  13 ironheart preservers
  Aizul (Swamp:4)
  Louise (D:14)
  2 deep elf elementalists (Elf:3)
  10 stone giants
  7 deep elf demonologists
  2 salamander stormcallers
  12 deep elf annihilators
  7 dire elephants
  8 deep elf death magi
  A minotaur (Lab)
  A fire dragon (Vaults:3)
  2 deep elf high priests (Elf:3)
  2 ettins
  3 great orbs of eyes
  16 vault guards
  6 yaktaur captains
  16 hydras
  Erolcha (D:13)
  A ghost crab (Swamp:3)
  2 ice dragons
  Harold (Lair:2)
  6 naga warriors
  10 centaur warriors
  A death knight (Vaults:2)
  A catoblepas (Lair:7)
  12 ogre magi
  10 alligators
  8 anacondas
  26 dancing weapons
  7 death yaks
  A deep troll shaman (Vaults:1)
  3 deep troll earth magi
  2 tengu warriors
  6 orc high priests
  6 shock serpents
  28 deep elf knights
  A hell knight (Vaults:1)
  6 naga sharpshooters
  Sonja (Lair:2)
  2 salamander mystics (Snake:4)
  A death drake (Swamp:4)
  6 skeletal warriors
  3 fire crabs
  A storm dragon skeleton (Vaults:2)
  4 unseen horrors
  A flayed ghost (Vaults:2)
  4 spriggan druids
  A giant orange brain (Vaults:1)
  3 spectral hydras (Swamp:4)
  13 deep trolls
  A wizard (Vaults:2)
  15 ironbrand convokers
  11 swamp dragons
  28 deep elf archers
  12 hill giants
  2 naga ritualists
  4 phantasmal warriors
  5 necromancers
  3 shambling mangroves
  A harpy (shapeshifter) (Vaults:1)
  4 mana vipers
  15 orc knights
  4 wolf spiders
  9 hornets
  2 oklob plants
  7 griffons
  73 deep elf magi
  5 orc sorcerers
  3 manticores
  31 ugly things
  A griffon (shapeshifter) (Vaults:3)
  15 cyclopes
  6 salamanders
  4 centaur zombies
  22 black mambas
  A guardian serpent (Snake:1)
  9 vault sentinels
  9 elephants (Lair:8)
  14 naga magi
  15 spiny frogs
  3 human zombies (Vaults:2)
  3 centaur skeletons
  A gargoyle (D:11)
  4 kobold demonologists
  A spiny frog (shapeshifter) (Vaults:3)
  32 yaktaurs
  An efreet (D:14)
  8 komodo dragons
  A yaktaur skeleton (Vaults:1)
  8 freezing wraiths
  2 tengu conjurers (D:13)
  2 harpy zombies
  6 trolls
  3 fire drakes
  7 swamp worm zombies (Swamp:4)
  4 hydra zombies (Swamp:4)
  19 two-headed ogres
  5 giant leeches
  A polar bear (shapeshifter) (Vaults:3)
  3 large abominations (Elf:1)
  17 blink frogs
  9 bog bodies
  4 boulder beetles
  2 spectral swamp dragons (Swamp:4)
  3 alligator zombies (Swamp:4)
  20 slime creatures
  A human simulacrum (Vaults:2)
  4 shadows
  3 air elementals (Elf:3)
  2 redbacks (Lab)
  7 wraiths
  Sigmund (D:6)
  2 vampires
  7 spriggans
  6 water elementals
  63 yaks
  A hog (Swamp:4)
  7 basilisks
  5 fire elementals
  A basilisk (shapeshifter) (Vaults:3)
  35 vampire mosquitoes
  4 hungry ghosts
  A steam dragon (D:10)
  7 wargs
  18 wolves
  2 mottled dragons
  Menkaure (D:7)
  8 hippogriffs
  17 insubstantial wisps
  12 swamp worms
  29 nagas
  8 water moccasins
  55 orc warriors
  7 swamp drakes
  9 porcupines
  5 sky beasts
  2 black bears
  An ettin simulacrum (Vaults:2)
  An eye of draining (shapeshifter) (Vaults:3)
  6 ice beasts
  An orc zombie (Vaults:1)
  8 wasps
  An eye of draining (D:14)
  8 phantoms (Swamp:4)
  2 necrophages
  54 ogres
  3 swamp dragon zombies (Swamp:4)
  4 boggarts (D:15)
  16 centaurs
  19 crocodiles
  4 elf zombies (Elf:1)
  A big kobold (Vaults:3)
  22 giant frogs
  2 earth elementals
  A wyvern skeleton (D:7)
  6 scorpions
  9 killer bees
  15 wights
  21 jellies
  2 electric eels
  6 crimson imps
  5 giant frog zombies
  4 lava snakes (Lab)
  36 orc priests
  7 hounds
  A wasp zombie (D:10)
  20 orc wizards
  Crazy Yiuf (D:6)
  17 iguanas
  7 hell rats (Lair:7)
  A spectral swamp drake (Swamp:4)
  5 worker ants
  12 sheep
  2 hound zombies
  A worker ant zombie (D:11)
  10 gnolls
  15 adders
  60 river rats
  3 shadow imps
  22 oozes
  3 adder skeletons
  7 worms
  17 giant geckos
  110 orcs
  15 giant cockroaches
  14 goblins
  10 hobgoblins
  18 jackals
  15 kobolds
  6 quokkas
  8 ball pythons (Sewer)
  6 bats
  2 giant gecko skeletons
  15 giant newts
  A quokka zombie (D:8)
  13 rats
  5 briar patches
  3 fire vortices (Volcano)
  4 plants
1875 creatures vanquished.

Vanquished Creatures (others)
  A deep elf elementalist (Elf:3)
  Josephine (Lair:7)
  A death yak (Lair:8)
  A deep elf knight (Elf:2)
  An unseen horror (D:13)
  A necromancer (Elf:1)
  A naga mage (Snake:4)
  A centaur skeleton (D:14)
  4 humans (Swamp:4)
  A swamp worm (Swamp:4)
  A water moccasin (Lair:7)
  A centaur (D:6)
  A river rat (Lair:4)
  2 orcs
  A goblin (D:3)
  2 briar patches (Swamp:4)
  2 fire vortices
  15 fungi
  10 plants (Lair:8)
  7 toadstools (Swamp:2)
55 creatures vanquished.

Grand Total: 1930 creatures vanquished

Notes
Turn   | Place    | Note
--------------------------------------------------------------
     0 | D:1      | Lysie the Minotaur Fighter began the quest for the Orb.
     0 | D:1      | Reached XP level 1. HP: 19/19 MP: 0/0
   160 | D:1      | Reached XP level 2. HP: 26/26 MP: 1/1
   213 | D:1      | Reached skill level 4 in Armour
   448 | D:1      | Reached XP level 3. HP: 31/31 MP: 2/2
   545 | D:2      | Found a sparkling altar of Nemelex Xobeh.
   781 | D:2      | Found a glowing golden altar of the Shining One.
   810 | D:2      | Reached XP level 4. HP: 39/39 MP: 3/3
  1561 | D:3      | Noticed an ogre
  1569 | D:3      | Killed an ogre
  1569 | D:3      | Reached skill level 5 in Polearms
  1569 | D:3      | Reached skill level 5 in Shields
  1569 | D:3      | Reached XP level 5. HP: 30/45 MP: 4/4
  1844 | D:3      | Found a snail-covered altar of Cheibriados.
  1931 | D:3      | Found an oddly glowing altar of Pakellas.
  2054 | D:3      | Found a shattered altar of Ashenzari.
  2072 | D:3      | Reached skill level 5 in Armour
  2312 | D:4      | Noticed an ogre
  2324 | D:4      | Killed an ogre
  2324 | D:4      | Reached XP level 6. HP: 51/51 MP: 5/5
  2453 | D:4      | Found a staircase to the Ecumenical Temple.
  2471 | Temple   | Entered the Ecumenical Temple
  2480 | Temple   | Became a worshipper of Warmaster Okawaru
  2506 | D:4      | Found a sparkling altar of Nemelex Xobeh.
  2549 | D:4      | Found Woeppaas's Food Shoppe.
  2675 | D:4      | Reached skill level 6 in Polearms
  2954 | D:4      | Found a glowing drain.
  2963 | Sewer    | Entered a sewer
  3173 | Sewer    | Reached XP level 7. HP: 38/57 MP: 6/6
  3359 | Sewer    | Reached * piety under Okawaru
  3447 | D:5      | Entered Level 5 of the Dungeon
  3551 | D:5      | Reached skill level 7 in Shields
  4246 | D:6      | Reached XP level 8. HP: 61/64 MP: 7/7
  4281 | D:6      | Reached ** piety under Okawaru
  4281 | D:6      | Reached skill level 8 in Shields
  4611 | D:6      | Found a glowing silver altar of Zin.
  4634 | D:6      | Noticed Sigmund
  4652 | D:6      | Killed Sigmund
  4652 | D:6      | Reached skill level 9 in Polearms
  4710 | D:6      | Found an ancient bone altar of Kikubaaqudgha.
  4712 | D:6      | Found a deep blue altar of Sif Muna.
  4712 | D:6      | Found a radiant altar of Vehumet.
  4717 | D:6      | Identified Kikubaaqudgha's Incunabulum of Sinister Rituals
  4724 | D:6      | Identified Vehumet's Disquisition on Confrontation
  4733 | D:6      | Identified Sif Muna's Handbook of Curses
  5018 | D:6      | Found a shimmering altar of Xom.
  5273 | D:6      | Noticed Crazy Yiuf
  5277 | D:6      | Killed Crazy Yiuf
  5277 | D:6      | Reached *** piety under Okawaru
  5383 | D:6      | Received a gift from Okawaru
  5383 | D:6      | Reached XP level 9. HP: 54/71 MP: 8/8
  6093 | D:7      | Reached skill level 5 in Fighting
  6111 | D:7      | Noticed Menkaure
  6129 | D:7      | Killed Menkaure
  6129 | D:7      | Reached skill level 10 in Shields
  6215 | D:7      | Found a shadowy altar of Dithmenos.
  6300 | D:7      | Received a gift from Okawaru
  6481 | D:7      | Found a bloodstained altar of Trog.
  6490 | D:7      | Found a white marble altar of Elyvilon.
  6957 | D:7      | Reached skill level 11 in Shields
  7281 | D:8      | Reached **** piety under Okawaru
  7304 | D:8      | Noticed a troll
  7323 | D:8      | Killed a troll
  7557 | D:8      | Reached XP level 10. HP: 83/86 MP: 9/9
  8645 | D:10     | Entered Level 10 of the Dungeon
  8673 | D:10     | Noticed a hill giant
  8683 | D:10     | Killed a hill giant
  8683 | D:10     | Reached ***** piety under Okawaru
  8683 | D:10     | Reached skill level 12 in Shields
  8770 | D:10     | Noticed a hill giant
  8860 | D:10     | Killed a hill giant
  9080 | D:10     | Reached skill level 13 in Shields
  9313 | D:10     | Found a staircase to the Lair.
  9370 | D:10     | Reached XP level 11. HP: 44/94 MP: 10/10
  9584 | D:10     | Got a flickering bone amulet
  9586 | D:10     | Identified the amulet "Plog" {Spirit *Corrode *Confuse rPois Int+6} (You found it on level 10 of the Dungeon)
  9716 | D:10     | Reached skill level 14 in Shields
 10090 | D:11     | Noticed a six-headed hydra
 10140 | Lair:1   | Entered Level 1 of the Lair of Beasts
 10188 | Lair:1   | Reached skill level 10 in Armour
 10204 | Lair:1   | Found a labyrinth entrance.
 10213 | Lab      | Entered a labyrinth
 10613 | Lab      | Gained mutation: You are surrounded by a mild repulsion field (EV +2). [potion of mutation]
 10613 | Lab      | Gained mutation: Your mind is acute. (Int +2) [potion of mutation]
 10613 | Lab      | Gained mutation: You are partially covered in slimy green scales (AC +2). [potion of mutation]
 10693 | Lab      | Noticed an unseen horror
 10704 | Lab      | Killed an unseen horror
 10715 | Lab      | Noticed an unseen horror
 10721 | Lab      | Killed an unseen horror
 10721 | Lab      | Received a gift from Okawaru
 10724 | Lab      | Got a smoking chain mail {god gift}
 10833 | Lab      | Identified the +3 chain mail of the King of the Hill {rN++ Dex+4} (Okawaru gifted it to you in a labyrinth)
 11331 | Lab      | Noticed a minotaur
 11344 | Lab      | Killed a minotaur
 11346 | Lab      | Got a fine ruby amulet
 11351 | Lab      | Identified the amulet of Gosienoata {Spirit +Fly rF++ rC++ MR-} (You took it off a minotaur in a labyrinth)
 11362 | Lab      | Identified the Grimoire of Augmentations
 11374 | Lab      | Upgraded the game from 0.18-a0-1238-g8adb878 to 0.18-a0-1266-g3be6530
 11484 | Lair:1   | Reached skill level 10 in Fighting
 11762 | Lair:1   | Reached skill level 15 in Shields
 12262 | Lair:2   | Noticed Sonja
 12340 | Lair:2   | Reached XP level 12. HP: 81/110 MP: 11/11
 12351 | Lair:2   | Killed Sonja
 12683 | Lair:2   | Noticed Harold
 12706 | Lair:2   | Killed Harold
 13020 | Lair:3   | Reached ****** piety under Okawaru
 13020 | Lair:3   | Received a gift from Okawaru
 13674 | Lair:3   | Reached skill level 16 in Shields
 15051 | Lair:4   | Found a dark tunnel.
 15066 | Volcano  | Entered a volcano
 15389 | Lair:4   | Found a staircase to the Swamp.
 16095 | Lair:5   | Found a staircase to the Snake Pit.
 16376 | Lair:5   | Noticed an eight-headed hydra
 16392 | Lair:5   | Killed an eight-headed hydra
 16862 | Lair:5   | Noticed a six-headed hydra
 16873 | Lair:5   | Killed a six-headed hydra
 16873 | Lair:5   | Received a gift from Okawaru
 16873 | Lair:5   | Reached XP level 13. HP: 112/122 MP: 9/12
 17278 | Lair:6   | Gained mutation: You are resistant to hostile enchantments. [potion of beneficial mutation]
 17589 | Lair:6   | Found a staircase to the Slime Pits.
 17601 | Lair:6   | Reached skill level 17 in Shields
 18433 | Lair:7   | Received a gift from Okawaru
 18442 | Lair:7   | Identified a +0 pair of boots of running (Okawaru gifted it to you on level 7 of the Lair of Beasts)
 18618 | Lair:7   | Noticed Josephine
 18642 | Lair:7   | Killed Josephine
 19514 | Lair:8   | Entered Level 8 of the Lair of Beasts
 20441 | Lair:8   | Reached skill level 18 in Shields
 20486 | Lair:8   | Reached skill level 15 in Fighting
 20901 | Lair:8   | Noticed Maud
 20933 | Lair:8   | Killed Maud
 20933 | Lair:8   | Reached XP level 14. HP: 133/135 MP: 6/13
 21700 | Lair:7   | Received a gift from Okawaru
 21719 | Lair:7   | Got a fabulously ornate robe {god gift}
 21730 | Lair:7   | Identified the +1 robe of Okawaru's Generosity {rF+ Str-4 Dex+3} (Okawaru gifted it to you on level 7 of the Lair of Beasts)
 22467 | D:11     | Found a blossoming altar of Fedhas.
 22708 | D:11     | Reached skill level 19 in Shields
 22738 | D:11     | Found a staircase to the Orcish Mines.
 22925 | D:11     | Reached skill level 10 in Polearms
 23511 | Orc:1    | Entered Level 1 of the Orcish Mines
 23794 | Orc:1    | Found an iron altar of Okawaru.
 23955 | Orc:2    | Entered Level 2 of the Orcish Mines
 23955 | Orc:2    | Found a roughly hewn altar of Beogh.
 23984 | Orc:2    | Found a roughly hewn altar of Beogh.
 24351 | Orc:2    | Found a staircase to the Elven Halls.
 24398 | Orc:2    | Noticed vev's ghost (journeyman DDAr)
 24429 | Orc:2    | Killed vev's ghost
 24560 | Orc:2    | Found Derhana's Antique Armour Shop.
 24651 | Orc:2    | Noticed an orc warlord
 24679 | Orc:2    | Killed an orc warlord
 24679 | Orc:2    | Reached XP level 15. HP: 131/145 MP: 6/14
 24979 | Orc:2    | Gained mutation: Your body sometimes deteriorates upon taking damage. [a neqoxec]
 24986 | Orc:2    | Gained mutation: You are mostly covered in slimy green scales (AC +3). [a neqoxec]
 24987 | Orc:2    | Received a gift from Okawaru
 25037 | Orc:2    | Found Feomes's Armour Emporium.
 25040 | Orc:2    | Found Cukaqext's Magic Scroll Shoppe.
 25041 | Orc:2    | Found Tocorajueti's Distillery.
 25042 | Orc:2    | Found Nevesing's Food Emporium.
 25061 | Orc:2    | Bought 2 potions of haste for 220 gold pieces
 25061 | Orc:2    | Bought a potion of curing for 33 gold pieces
 25061 | Orc:2    | Bought a potion of curing for 33 gold pieces
 25061 | Orc:2    | Bought a potion of curing for 33 gold pieces
 25061 | Orc:2    | Bought a potion of heal wounds for 55 gold pieces
 25061 | Orc:2    | Bought a potion of resistance for 110 gold pieces
 25061 | Orc:2    | Bought a potion of heal wounds for 55 gold pieces
 25061 | Orc:2    | Bought a potion of berserk rage for 55 gold pieces
 25065 | Orc:2    | Bought a scroll of identify for 30 gold pieces
 25065 | Orc:2    | Bought a scroll of teleportation for 45 gold pieces
 25065 | Orc:2    | Bought a scroll of identify for 30 gold pieces
 25065 | Orc:2    | Bought a scroll of teleportation for 45 gold pieces
 25065 | Orc:2    | Bought a scroll of identify for 30 gold pieces
 25065 | Orc:2    | Bought a scroll of teleportation for 45 gold pieces
 26080 | D:13     | Noticed Erolcha
 26091 | D:13     | Killed Erolcha
 27060 | D:13     | Received a gift from Okawaru
 27063 | D:13     | Got a faintly glowing cloak {god gift}
 27074 | D:13     | Identified the +0 cloak of Lilacs {rC- rN+ Dex+2} (Okawaru gifted it to you on level 13 of the Dungeon)
 27189 | D:14     | Noticed Louise
 27205 | D:14     | Killed Louise
 27466 | D:14     | Found a gate to the Vaults.
 27565 | D:14     | Reached skill level 15 in Polearms
 28027 | D:15     | Entered Level 15 of the Dungeon
 28297 | D:15     | Reached XP level 16. HP: 135/152 MP: 8/15
 28450 | D:15     | Received a gift from Okawaru
 28575 | D:15     | Reached skill level 20 in Shields
 28600 | D:15     | Found a staircase to the Depths.
 29354 | Elf:1    | Entered Level 1 of the Elven Halls
 29759 | Elf:1    | Identified Kikubaaqudgha's Volume of Evil Rites
 29912 | Elf:1    | Found Maimpuarch's Book Emporium.
 30104 | Elf:1    | Received a gift from Okawaru
 30504 | Elf:2    | Received a gift from Okawaru
 30691 | Elf:2    | Found Ithradack's Book Emporium.
 30842 | Elf:2    | Found a runed gate.
 31069 | Elf:2    | Found Yreab's Book Boutique.
 31084 | Elf:2    | Identified a +3 rod of inaccuracy (9/9) (You took it off a minotaur in a labyrinth)
 31088 | Elf:2    | Found a runed gate.
 31101 | Elf:2    | Found a runed gate.
 31447 | Elf:2    | Reached XP level 17. HP: 115/159 MP: 10/16
 31581 | Elf:2    | Gained mutation: Your body often deteriorates upon taking damage. [a neqoxec]
 32245 | Elf:3    | Entered Level 3 of the Elven Halls
 32262 | Elf:3    | Noticed a Hell Sentinel
 32379 | Elf:3    | Noticed an Ice Fiend
 32380 | Elf:3    | Cast into level 3 of the Abyss (a deep elf demonologist)
 32448 | Elf:3    | Escaped the Abyss
 32452 | Elf:3    | Noticed an Ice Fiend
 32543 | Elf:3    | Noticed a Brimstone Fiend
 32637 | Elf:3    | Noticed a deep elf blademaster
 32651 | Elf:3    | Killed a deep elf blademaster
 32656 | Elf:2    | Noticed a Brimstone Fiend
 32661 | Elf:2    | Noticed a Hell Sentinel
 32746 | Elf:2    | Reached skill level 15 in Armour
 32772 | Elf:2    | Reached skill level 21 in Shields
 33105 | Elf:3    | Noticed a deep elf master archer
 33120 | Elf:3    | Killed a deep elf master archer
 33139 | Elf:3    | Noticed a deep elf master archer
 33996 | Elf:3    | Killed a deep elf master archer
 34119 | Elf:3    | Got a serpentine ivory ring
 34137 | Elf:3    | Noticed a Brimstone Fiend
 34158 | Elf:3    | Identified the ring "Vaerot" {rPois rF- MR+++ MP+9 Str+4} (You took it off a deep elf elementalist on level 3 of the Elven Halls)
 34281 | Elf:3    | Found Rygywe's Jewellery Shoppe.
 34337 | Elf:3    | Received a gift from Okawaru
 34378 | Elf:3    | Got a warped chain mail {god gift}
 34390 | Elf:3    | Identified the +4 chain mail of Jeni {*Confuse rF+ MP+9 Str+4} (Okawaru gifted it to you on level 3 of the Elven Halls)
 34544 | Elf:3    | Noticed a deep elf blademaster
 34567 | Elf:3    | Killed a deep elf blademaster
 34593 | Elf:3    | Reached XP level 18. HP: 168/168 MP: 17/17
 34882 | Elf:3    | Identified the Collected Works on Conjuration
 34891 | Elf:3    | Got a translucent glass ring
 34917 | Elf:3    | Identified the cursed ring "Lorripe" {EV-2 Str+3} (You found it on level 3 of the Elven Halls)
 34950 | Elf:3    | Identified the Handbook of the Other Side
 34977 | Elf:3    | Got a dazzling scale mail
 34988 | Elf:3    | Identified the cursed +0 scale mail "Etost" {rElec rPois} (You found it on level 3 of the Elven Halls)
 35618 | Swamp:1  | Entered Level 1 of the Swamp
 35936 | Elf:2    | Bought a manual of Polearms for 1876 gold pieces
 36270 | Swamp:1  | Reached skill level 22 in Polearms
 36653 | Swamp:1  | Reached skill level 23 in Polearms
 37458 | Swamp:2  | Received a gift from Okawaru
 37458 | Swamp:2  | Reached skill level 24 in Polearms
 38509 | Swamp:4  | Entered Level 4 of the Swamp
 38584 | Swamp:4  | Noticed Aizul
 38601 | Swamp:4  | Killed Aizul
 38601 | Swamp:4  | Reached skill level 25 in Polearms
 38689 | Swamp:4  | Identified a scroll of acquirement
 38861 | Swamp:4  | Noticed Kirke
 38871 | Swamp:4  | Killed Kirke
 39524 | Swamp:4  | Received a gift from Okawaru
 39542 | Swamp:4  | Got a pair of twisted boots {god gift}
 39562 | Swamp:4  | Identified the +1 pair of boots of Dukhlerrepn {rElec Regen+} (Okawaru gifted it to you on level 4 of the Swamp)
 39995 | Swamp:4  | Reached XP level 19. HP: 143/171 MP: 18/18
 40036 | Swamp:4  | Noticed a bone dragon
 40055 | Swamp:4  | Killed a bone dragon
 40340 | Swamp:4  | Got a decaying rune of Zot
 41012 | Vaults:1 | Entered Level 1 of the Vaults
 42214 | Vaults:1 | Reached skill level 26 in Polearms
 42273 | Vaults:1 | Received a gift from Okawaru
 43623 | Vaults:2 | Reached XP level 20. HP: 175/184 MP: 14/19
 44003 | Vaults:2 | Received a gift from Okawaru
 44619 | Vaults:2 | Got an iridescent trident
 44620 | Vaults:2 | Identified the +9 trident of the End of Times {drain, rElec Int+4} (You found it on level 2 of the Vaults)
 44728 | Vaults:2 | Found a staircase to the Crypt.
 44907 | Vaults:2 | Received a gift from Okawaru
 44974 | Vaults:3 | Reached skill level 27 in Polearms
 45405 | Vaults:3 | Received a gift from Okawaru
 45411 | Vaults:3 | Got a transparent demon trident {god gift}
 45418 | Vaults:3 | Identified the +5 demon trident "Gakhyrr" {vamp, rF++ rC-} (Okawaru gifted it to you on level 3 of the Vaults)
 45600 | Vaults:3 | Noticed Mara
 45616 | Vaults:3 | Noticed Lysie's illusion
 45643 | Vaults:3 | Killed Mara
 46431 | Vaults:3 | Reached XP level 21. HP: 196/196 MP: 20/20
 46862 | Vaults:4 | Received a gift from Okawaru
 46865 | Vaults:4 | Got a shimmering trident {god gift}
 46920 | Vaults:4 | Identified the +8 trident of Uconil {vamp, rElec rF+ MR+ Int+2} (Okawaru gifted it to you on level 4 of the Vaults)
 48061 | Vaults:4 | Gained mutation: You have a pair of large horns on your head. [potion of beneficial mutation]
 48062 | Vaults:4 | Lost mutation: Your mind is acute. (Int +2) [potion of cure mutation]
 48062 | Vaults:4 | Lost mutation: You have a pair of large horns on your head. [potion of cure mutation]
 48062 | Vaults:4 | Lost mutation: Your body often deteriorates upon taking damage. [potion of cure mutation]
 48062 | Vaults:4 | Lost mutation: Your body sometimes deteriorates upon taking damage. [potion of cure mutation]
 48062 | Vaults:4 | Lost mutation: You are resistant to hostile enchantments. [potion of cure mutation]
 48062 | Vaults:4 | Lost mutation: You are mostly covered in slimy green scales (AC +3). [potion of cure mutation]
 48063 | Vaults:4 | Lost mutation: You are surrounded by a mild repulsion field (EV +2). [potion of cure mutation]
 48063 | Vaults:4 | Lost mutation: You are partially covered in slimy green scales (AC +2). [potion of cure mutation]
 48183 | Vaults:4 | Found Wieffeh's Weapon Shop.
 48764 | Snake:1  | Entered Level 1 of the Snake Pit
 49171 | Snake:1  | Found a glowing silver altar of Zin.
 49662 | Snake:2  | Noticed Frances
 49677 | Snake:2  | Killed Frances
 50586 | Snake:2  | Received a gift from Okawaru
 51190 | Snake:4  | Entered Level 4 of the Snake Pit
 51691 | Snake:4  | Noticed Donald
 51705 | Snake:4  | Killed Donald
 51838 | Snake:4  | Noticed Norris
 51889 | Snake:4  | Killed Norris
 51895 | Snake:4  | Received a gift from Okawaru
 51944 | Snake:4  | HP: 14/301 [greater naga/whip (5)]
 51961 | Snake:4  | HP: 8/201 [salamander/trident (3)]
 51963 | Snake:4  | Killed from afar by a naga mage

Vault maps used:
D:1:      wheals_arrival_linesprint, st_stairs_11
D:2:      nemelex_xobeh_ov_fountains_minmay, lemuel_round_altar, first_bread
D:3:      forest_paths, cheibriados_altar_wand_db, lemuel_crystal_altar,
          johnstein_pakellas_death_squad
D:4:      minmay_temple_entry_statues_pillars, portal_sewer_entry_d,
          serial_shops, nicolae_shop_stone, kennysheep_pointless_box,
          nemelex_spade_bored_becter
D:6:      grunt_temple_overflow_magic_moments, old_standard_altar,
          lemuel_doored_altar, uniq_sigmund, uniq_crazy_yiuf_cottage
D:7:      kennysheep_mini, lemuel_round_altar, nicolae_overflow_crystal_walls,
          kennysheep_nub, uniq_menkaure
D:10:     dpeg_lair_monsters
D:11:     erik_orc_1, hangedman_little_slice_of_home, tgw_fedhas
D:12:     kennysheep_opposing_triangles
D:13:     four-leaf_vault, uniq_erolcha
D:14:     lightli_vaults_fourway_checkpoint, minmay_strange_pillars, uniq_louise
D:15:     hangedman_depths_entry_try_elsewhere_first, special_room,
          serial_bayou_pond_e
Temple:   nicolae_temple_no_exploring_needed
Lair:1:   lab_entry_generic, beast_lair_carwin_6
Lair:2:   beast_lair_carwin_10, lemuel_fruit_tree, grunt_megastairs_2,
          uniq_harold, uniq_sonja
Lair:3:   st_stairs_11, grunt_megastairs_5, bh_autumn_forest_stairs
Lair:4:   minmay_swamp_entry_swarm, nicolae_volcano_entry_lava_flow,
          infiniplex_staircase_pool
Lair:5:   minmay_snake_entry_spellcaster
Lair:6:   minmay_slime_entry_jelly_boxes, minivault_11,
          infiniplex_staircase_pool_2
Lair:7:   kennysheep_catoblepas_arena, serial_bayou_shore_a, uniq_josephine
Lair:8:   due_jungle_book, serial_bayou_shore_b, uniq_maud
Swamp:1:  serial_swamp_ruin, evilmike_swamp_ruin_house_5,
          hangedman_swamp_ruin_wall, swamp_pool1, st_swamp_ruins_1
Swamp:2:  cheibrodos_swamp_tower_of_moss, evilmike_swamp_ruin_rubble_1,
          swamp_pool4
Swamp:3:  hangedman_swamp_lotus
Swamp:4:  swamp_pestilence, swamp_pool3, nicolae_swamp_alligator_family,
          uniq_kirke, uniq_aizul
Snake:1:  basic_altar, serial_bayou_shore_b
Snake:2:  uniq_frances
Snake:4:  snake_pit, uniq_donald, uniq_norris
Orc:1:    david_defended_altar_orc
Orc:2:    st_orc_pillars, serial_shops, shop, basic_altar, mines2_david
Elf:1:    minmay_elf_arrival_circle, serial_shops, shop, minmay_elf_necromancy
Elf:2:    serial_shops, nicolae_shop_crystal, shop_fountains, st_stairs_10,
          glass_columns_c, basic_stair_grate_trap
Elf:3:    grunt_elf_hall_branching, serial_shops, shop
Vaults:1: nicolae_vaults_asterisk, grunt_vaults_swirl,
          nicolae_vaults_border_crossing, ontoclasm_vaults_eye, v_misc_3,
          ontoclasm_vaults_shout, v_misc_30
Vaults:2: vaults_standard_mumra_enter_the_diamond,
          nicolae_vaults_diagonal_hallway_6, v_misc_23, v_pattern_1,
          ontoclasm_vaults_decontamination, st_squares,
          nicolae_vaults_what_the_h, v_misc_22, grunt_vaults_diagonal,
          ontoclasm_vaults_ligature, vaults_dpeg_diagonal
Vaults:3: vaults_mumra_hexcomb, nicolae_vaults_theta,
          hangedman_vaults_variations, v_pattern_2, hangedman_vaults_pinch,
          v_misc_9, ontoclasm_vaults_pinch, vaults_dpeg_ring, v_misc_2,
          vaults_room_guarded_vault, uniq_mara
Vaults:4: ontoclasm_vaults_loading_screen, grunt_vaults_twisty, v_pattern_3,
          v_misc_23, v_misc_26, nicolae_vaults_theta, hangedman_vaults_impose,
          vaults_dpeg_cross, hangedman_vaults_stream, v_rooms_4, serial_shops,
          shop
Abyss:3:  evilmike_abyss_exit_1
Lab:      labyrinth_mini_lab, labyrinth_lava_lair, nicolae_lab_plus,
          nicolae_lab_big_swirl, lab_statue, nicolae_lab_do_over,
          nicolae_lab_flowing_pool, labyrinth_fake_exit, nicolae_lab_statue,
          nicolae_lab_diamond, nicolae_lab_blocks, nicolae_lab_grate_2,
          nicolae_lab_quarters, labyrinth_skeletal_remains
Sewer:    sewer_frog_island_02
Volcano:  volcano_aerie

Action                   |  1- 3 |  4- 6 |  7- 9 | 10-12 | 13-15 | 16-18 | 19-21 || total
-------------------------+-------+-------+-------+-------+-------+-------+-------++-------
Melee: Trident           |   100 |   313 |   538 |  1167 |   581 |       |  1088 ||  3787
       Glaive            |       |       |       |    23 |       |       |       ||    23
       Demon trident     |       |       |       |       |  1568 |  2082 |  1250 ||  4900
Throw: Javelin           |       |       |       |     1 |    13 |     4 |     4 ||    22
Invok: Heroism           |       |       |       |     7 |    29 |    46 |    41 ||   123
       Finesse           |       |       |       |     1 |     2 |     1 |     2 ||     6
  Use: Scroll            |     3 |       |    10 |    16 |    12 |    20 |     4 ||    65
       Potion            |       |       |       |    13 |     2 |    12 |     9 ||    36
 Stab: Distracted        |       |       |       |     1 |       |       |     3 ||     4
       Invisible         |       |       |       |       |       |    18 |       ||    18
  Eat: Fruit             |       |     3 |       |     4 |       |       |       ||     7
       Pizza             |       |     1 |       |     1 |     2 |     2 |     1 ||     7
       Royal jelly       |       |     1 |       |     1 |       |    11 |     1 ||    14
       Meat ration       |       |     1 |     1 |     1 |       |     1 |     9 ||    13
       Beef jerky        |       |       |     3 |     3 |     5 |     1 |     2 ||    14
       Bread ration      |       |       |     1 |     4 |     9 |     4 |     1 ||    19
